 Dungeon Sprint DCSS version 0.22-a0-880-gb7b0c8b (webtiles) character file.

203 Kidiri the Thaumaturge (level 5, -10/29 HPs)
             Began as a Deep Elf Fire Elementalist on July 30, 2018.
             Was an Initiate of Vehumet.
             Collided with a battlesphere (15 damage)
             ... caused by a deep elf mage
             ... in the Dungeon (Sprint III: "The Ten Rune Challenge").
             The game lasted 00:03:25 (729 turns).

Kidiri the Thaumaturge (Deep Elf Fire Elementalist)  Turns: 729, Time: 00:03:26

Health: -10/29     AC:  2    Str:  5    XL:     5   Next: 51%
Magic:  14/20      EV: 13    Int: 21    God:    Vehumet [......]
Gold:   19         SH:  0    Dex: 15    Spells: 5/25 levels left

rFire    . . .     SeeInvis .   l - +0 dagger
rCold    + . .     Gourm    .   (no shield)
rNeg     . . .     Faith    .   a - +0 robe
rPois    .         Spirit   .   (no helmet)
rElec    .         Reflect  .   (no cloak)
rCorr    .         Harm     .   (no gloves)
MR       .....     NoTele   +   (no boots)
Stlth    ++........             (no amulet)
HPRegen  0.09/turn              (no ring)
MPRegen  0.17/turn              (no ring)

@: no status effects
A: cold resistance 1, wild magic 1
a: Renounce Religion


You were in the Dungeon.
You worshipped Vehumet.
Vehumet was noncommittal.
You were not hungry.

You visited 1 branch You collected 19 gold pieces.

Inventory:

Hand Weapons
 l - a +0 dagger (weapon)
Armour
 a - a +0 robe (worn)
Scrolls
 b - 3 scrolls of enchant armour {unknown}
 i - a scroll of blinking
 m - 2 scrolls of holy word {unknown}
 n - a scroll of enchant weapon {unknown}
 o - 4 scrolls of remove curse
Potions
 d - a potion of curing
 f - a potion of haste
 g - 2 potions of magic
 h - a potion of berserk rage
 k - a potion of cancellation
 p - a potion of lignification
 q - a potion of flight {unknown}
 s - a potion of might {unknown}
Comestibles
 c - 3 rations
 j - a chunk of flesh


   Skills:
 + Level 1.0 Fighting
 + Level 0.0 Short Blades
 + Level 1.0 Armour
 + Level 3.2 Dodging
 - Level 2.4 Stealth
 * Level 10.5 Spellcasting
 + Level 6.0 Conjurations
 + Level 6.9 Fire Magic


You had 5 spell levels left.
You knew the following spells:

 Your Spells              Type           Power        Failure   Level  Hunger
a - Flame Tongue          Conj/Fire      #####        1%          1    None
b - Throw Flame           Conj/Fire      #####.       1%          2    None
c - Conjure Flame         Conj/Fire      #####...     2%          3    None
d - Inner Flame           Hex/Fire       ####....     7%          3    None
e - Sticky Flame          Conj/Fire      #####...     7%          4    ##.....
f - Fireball              Conj/Fire      #####.....   17%         5    ####...
g - Animate Skeleton      Necr           N/A          10%         1    None
h - Apportation           Tloc           ##....       10%         1    None

Your spell library contained the following spells:

 Spells                   Type           Power        Failure   Level  Hunger
 Summon Small Mammal      Summ           ##..         10%         1    None
 Confusing Touch          Hex            ##....       10%         1    None


Dungeon Overview and Level Annotations

Branches:
Dungeon (1/1)

Altars:
Elyvilon
Kikubaaqudgha
Sif Muna
Vehumet
Zin
The Shining One


Innate Abilities, Weirdness & Mutations

Your flesh is cold resistant. (rC+)
Your spells are a little harder to cast, but a little more powerful.


Message History

The deep elf mage burns!
The deep elf mage gestures wildly while chanting.
The deep elf mage conjures a globe of magical energy!
A battlesphere comes into view.
Casting: Flame Tongue (safe; 1% risk of failure)
Confirm with . or Enter, or press ? or * to list all spells.
Aiming: Flame Tongue (safe; 1% risk of failure)
Press: ? - help, Shift-Dir - straight line, f/p - deep elf mage
Aim: a deep elf mage, wielding a long sword of holy wrath (heavily wounded, covered in liquid flames)
The flame tongue hits the deep elf mage.
The deep elf mage is almost dead.
The deep elf mage burns!
The deep elf mage points at you and mumbles some strange words.
The lance of force hits you!
Ouch! That really hurt!
* * * LOW HITPOINT WARNING * * *
You are knocked back by the lance of force.
You collide with the battlesphere!
Ouch! That really hurt!
You die...

▓▓▓▓▓▓▓▓▓ ▓▓▓ ..+.....♣
♣.##### ..#.....♣
♣♣.#___# ###....♣♣♣
♣..#e@*# ..#....≈.♣
♣..###'#+###+#
..#...≈≈.♣♣♣♣.#..........
..#..≈≈≈≈..♣♣.'.⌠........
#'#†.≈≈≈≈≈≈♣..#...######+
.÷#.≈≈≈≈≈≈....#.⌠.#
..#.≈≈≈≈≈.....#...#
..#.≈≈≈.......#+###
###...........#.):#


You could see a deep elf mage (burning) and a battlesphere.

Vanquished Creatures
  A water elemental (D)
  A scorpion (D)
  A wizard (D)
  Jessica (D)
  A human (D)
  A kobold demonologist (D)
  2 oozes (D)
  A rat (D)
9 creatures vanquished.

Vanquished Creatures (others)
  2 draconian scorchers (D)
  6 hellions (D)
  2 yaktaurs (D)
10 creatures vanquished.

Grand Total: 19 creatures vanquished

Notes
Turn   | Place    | Note
-------+----------+-------------------------------------------
     0 | D        | Kidiri the Deep Elf Fire Elementalist began the quest for the Orb.
     0 | D        | Reached XP level 1. HP: 10/10 MP: 6/6
     7 | D        | Reached skill level 4 in Spellcasting
    40 | D        | Killed a yaktaur
    56 | D        | Reached XP level 2. HP: 15/15 MP: 5/9
    95 | D        | Learned a level 2 spell: Throw Flame
    96 | D        | Killed a hellion
    97 | D        | Reached skill level 5 in Spellcasting
    98 | D        | Noticed Jessica
   101 | D        | Killed Jessica
   101 | D        | Reached skill level 6 in Spellcasting
   101 | D        | Reached XP level 3. HP: 19/19 MP: 4/13
   106 | D        | Killed a hellion
   114 | D        | Learned a level 3 spell: Conjure Flame
   118 | D        | Learned a level 3 spell: Inner Flame
   118 | D        | Killed a hellion
   127 | D        | Killed a hellion
   129 | D        | Killed a hellion
   129 | D        | Killed a hellion
   182 | D        | Killed a white draconian scorcher
   190 | D        | Killed a white draconian scorcher
   192 | D        | Reached skill level 7 in Spellcasting
   192 | D        | Reached skill level 5 in Fire Magic
   290 | D        | Noticed a scorpion
   299 | D        | Killed a scorpion
   299 | D        | Reached skill level 8 in Spellcasting
   299 | D        | Reached XP level 4. HP: 21/24 MP: 3/16
   306 | D        | Learned a level 4 spell: Sticky Flame
   330 | D        | Gained mutation: Your skin changes colour to match your surroundings (Stealth+). [potion of mutation]
   330 | D        | Gained mutation: You expend magic power (3 MP) to strengthen your wands. [potion of mutation]
   331 | D        | Lost mutation: You expend magic power (3 MP) to strengthen your wands. [potion of mutation]
   331 | D        | Gained mutation: Your mind is acute. (Int +2) [potion of mutation]
   331 | D        | Lost mutation: Your mind is acute. (Int +2) [potion of mutation]
   331 | D        | Gained mutation: You have a pair of small antennae on your head. [potion of mutation]
   332 | D        | Lost mutation: You have a pair of small antennae on your head. [potion of mutation]
   332 | D        | Lost mutation: Your skin changes colour to match your surroundings (Stealth+). [potion of mutation]
   332 | D        | Gained mutation: You are weak. (Str -2) [potion of mutation]
   332 | D        | Gained mutation: Your body sometimes deteriorates upon taking damage. [potion of mutation]
   332 | D        | Gained mutation: You can translocate small distances at will. [potion of mutation]
   333 | D        | Lost mutation: You can translocate small distances at will. [potion of mutation]
   333 | D        | Lost mutation: Your body sometimes deteriorates upon taking damage. [potion of mutation]
   333 | D        | Lost mutation: You are weak. (Str -2) [potion of mutation]
   333 | D        | Gained mutation: Your spells are a little harder to cast, but a little more powerful. [potion of mutation]
   333 | D        | Gained mutation: Your flesh is cold resistant. (rC+) [potion of mutation]
   378 | D        | Noticed a water elemental
   381 | D        | Killed a water elemental
   381 | D        | Reached skill level 10 in Spellcasting
   381 | D        | Reached skill level 5 in Conjurations
   381 | D        | Reached XP level 5. HP: 4/28 MP: 12/19
   422 | D        | Killed a yaktaur
   652 | D        | Learned a level 5 spell: Fireball
   660 | D        | Found a radiant altar of Vehumet.
   661 | D        | Found a deep blue altar of Sif Muna.
   661 | D        | Found an ancient bone altar of Kikubaaqudgha.
   663 | D        | Reached skill level 1 in Fighting
   663 | D        | Reached skill level 1 in Armour
   675 | D        | Became a worshipper of Vehumet
   678 | D        | Learned a level 1 spell: Animate Skeleton
   680 | D        | Learned a level 1 spell: Apportation
   722 | D        | Found a glowing silver altar of Zin.
   722 | D        | Found a glowing golden altar of the Shining One.
   722 | D        | Found a white marble altar of Elyvilon.
   723 | D        | Noticed a deep elf mage
   729 | D        | Collided with a battlesphere

Vault maps used:
D:        dungeon_sprint_mu

Skill      XL: |  1  2  3  4  5 |
---------------+----------------+-----
Spellcasting   | 4 6 8 10 | 10.5
Conjurations   | 2 3 4 5 6 |  6.0
Fire Magic     | 4 5 6 |  6.9
Fighting       | 1 |  1.0
Armour         | 1 |  1.0
Dodging        | 3 |  3.2
Stealth        | |  2.4

Action                   |  1- 3 |  4- 6 || total
-------------------------+-------+-------++-------
 Cast: Flame Tongue      |    22 |     5 ||    27
       Throw Flame       |     3 |       ||     3
       Conjure Flame     |       |     1 ||     1
       Sticky Flame      |       |     3 ||     3
  Use: Potion            |       |     5 ||     5
       Scroll            |       |     2 ||     2
Armor: Robe              |     2 |       ||     2
Dodge: Dodged            |     3 |     1 ||     4

Table legend:
 A = Spawn XP
 B = Non-spawn XP
 C = Spawn XP percentage of total XP
 D = Spawn monster count
 E = Non-spawn monster count
 F = Spawn count percentage of total count
 G = Total turns spent on level
                    A         B        C        D         E        F      G
               +---------+---------+-------+---------+---------+-------+---------
         Total |       0 |     291 |   0.0 |       0 |       9 |   0.0 |   729
               +---------+---------+-------+---------+---------+-------+---------
             D |       0 |     291 |   0.0 |       0 |       9 |   0.0 |   729
               +---------+---------+-------+---------+---------+-------+---------
